 Dungeon Crawl Stone Soup version 0.16.0-6-gad6103a (webtiles) character file.

96350 MDvedh the Tortoise (level 15, -1/132 HPs)
             Began as a Minotaur Assassin on Mar 14, 2015.
             Was a High Priest of Okawaru.
             Blown up by an orb spider (26 damage)
             ... with an orb of destruction
             ... on level 1 of the Spider Nest on Mar 15, 2015.
             The game lasted 01:06:50 (32060 turns).

MDvedh the Tortoise (Minotaur Assassin)            Turns: 32060, Time: 01:06:50

Health: -1/132     AC: 27    Str: 16 (19) XL:     15   Next: 69%
Magic:  1/10       EV:  7    Int:  6 (8)  God:    Okawaru [*****.]
Gold:   2538       SH:  0    Dex: 19      Spells: 0 memorised, 14 levels left

rFire  x . .     SeeInvis .     L - +1 dire flail (venom)
rCold  . . .     Rnd*Rage +     i - +5 plate armour of Spite {rPois rF- Dex+4}
rNeg   . . .     SustAb   .     (no shield)
rPois  +         Gourm    +     x - +1 hat "Psaiheon" {Dex+2}
rElec  .         Spirit   .     d - +0 cloak
rCorr  .         Warding  .     P - +2 pair of gloves (curse)
rMut   .         Rnd*Tele +     f - +1 pair of boots
MR     +....                    G - amulet of the gourmand
Stlth  ..........               t - +4 ring of evasion
                                y - +3 ring of slaying

@: about to teleport, somewhat resistant to hostile enchantments, extremely
unstealthy
A: retaliatory headbutt, horns 2, berserk 1, blurry vision 1, clumsy 1, deformed
body, frail 1, screaming 1, teleportitis 1, forlorn, no stealth, hated by all,
inability to train dodging, no conjurations magic, no fire magic, no hexes
magic, slow reflexes 1, unskilled 1
a: Heroism, Finesse, Renounce Religion


You were on level 1 of the Spider Nest.
You worshipped Okawaru.
Okawaru was extremely pleased with you.
You were hungry.

You visited 5 branches of the dungeon, and saw 29 of its levels.
You also visited: Sewer and Ice Cave.

You collected 2653 gold pieces.
You spent 115 gold pieces at shops.

Inventory:

Hand weapons
 L - a +1 dire flail of venom (weapon)
Armour
 d - a +0 cloak (worn)
 f - a +1 pair of boots (worn)
 i - the +5 plate armour of Spite (worn) {rPois rF- Dex+4}
   (You found it on level 10 of the Dungeon)

   It affects your dexterity (+4).
   It makes you vulnerable to fire.
   It protects you from poison.
 x - the +1 hat "Psaiheon" (worn) {Dex+2}
   (Okawaru gifted it to you on level 1 of the Spider Nest)

   It affects your dexterity (+2).
 P - a cursed +2 pair of gloves (worn)
Jewellery
 t - a +4 ring of evasion (right hand)
 u - an uncursed ring of ice
 v - an uncursed ring of protection from magic
 y - a +3 ring of slaying (left hand)
 G - an amulet of the gourmand (around neck)
 H - an uncursed ring of protection from cold
Magical devices
 b - a wand of heal wounds (2)
 C - a wand of magic darts (28)
Scrolls
 a - 6 scrolls of remove curse
 e - 2 scrolls of recharging
 h - a scroll of magic mapping
 k - 8 scrolls of enchant weapon
 n - 2 scrolls of amnesia
 o - a scroll of fog
 p - 7 scrolls of identify
 q - 3 scrolls of teleportation
 r - 2 scrolls of enchant armour
 F - 2 scrolls of fear
 I - 3 scrolls of blinking
Potions
 l - 9 potions of brilliance
 m - 4 potions of agility
 s - 2 potions of magic
 w - 3 potions of flight
 z - a potion of might
 A - 3 potions of cancellation
 B - a potion of haste
 D - 10 potions of curing
Comestibles
 c - 11 fruits
 g - 18 bread rations
 j - 8 meat rations
 E - 6 slices of pizza
 N - 9 beef jerkies


   Skills:
 + Level 17.1 Fighting
   Level 2.0 Short Blades
 + Level 16.6 Maces & Flails
 - Level 1.7 Throwing
 + Level 17.3 Armour
 * Level 1.7 Invocations


You had 14 spell levels left.
You didn't know any spells.

Dungeon Overview and Level Annotations

Branches:
Dungeon (15/15)            Temple (1/1) D:6            Lair (8/8) D:10
 Shoals (0/5) Lair:4       Spider (1/5) Lair:6        Slime (0/6) Lair:6
    Orc (4/4) D:11            Elf (0/3) Orc:4        Vaults (0/5) D:13
 Depths (0/5) D:15

Altars:
Cheibriados
Dithmenos
Elyvilon
Fedhas
Kikubaaqudgha
Makhleb
Nemelex Xobeh
Okawaru
Qazlal
Ru
Vehumet
Xom
Yredelemnul
The Shining One
Beogh

Shops:
D:7 [(%   D:15 :   Orc:4 [(*:


Innate Abilities, Weirdness & Mutations

You reflexively headbutt those who attack you in melee.
You have a pair of horns on your head.
You occasionally shout uncontrollably at your foes.
You cannot be stealthy.
You are hated by all.
You cannot train Dodging skill.
You cannot study or cast Conjurations magic.
You cannot study or cast Fire magic.
You cannot study or cast Hexes magic.
You have somewhat slow reflexes. (-3 EV)
You are somewhat unskilled (-1 Apt).
You tend to lose your temper in combat.
Scrolls take you a little longer to read.
You are clumsy. (Dex -2)
Armour fits poorly on your strangely shaped body.
You are frail (-10% HP).
Space occasionally distorts in your vicinity.
You have difficulty communicating with the divine.


Message History

The orb spider pulsates with a strange energy.
Unknown command.
Read which item? (? for menu, Esc to quit)
You begin reading the scroll.
You continue reading the scroll.
As you read the scroll of teleportation, it crumbles to dust.
You feel strangely unstable.
The orb spider weaves a glowing orb of energy.
There is an escape hatch in the floor here.
Drink which item? (? for menu, Esc to quit)
Okay, then.
Read which item? (? for menu, Esc to quit)
Okay, then.
Drink which item? (? for menu, Esc to quit)
You feel better.
Drink which item? (? for menu, Esc to quit)
You feel better.
Unknown command.
Drink which item? (? for menu, Esc to quit)
You feel better. The orb of destruction hits you!
You die...

### ### ##.## ##@#
###...## ##§.## #≈.....
##^§..#####≈≈...###
##..§†##.#≈##....#<##
##...§s....≈≈#......≈##
#≈≈.......≈≈.#.....≈###
###.......#..#....≈###.
##≈≈#.†....#...##.#..
##.##......##......≈..


You could see an orb spider.

Vanquished Creatures
  Saint Roka (Orc:4)
  A ghost moth (Spider:1)
  A caustic shrike zombie (D:15)
  Snorg (D:14)
  Josephine (D:14)
  Fannar (D:14)
  6 hydras
  Harold (Orc:2)
  3 catoblepae
  An ogre mage (D:15)
  2 centaur warriors
  Erica (Lair:3)
  2 dancing weapons (D:13)
  The ghost of ThorGoll the Zephyrmancer, a powerful TeAE of Vehumet (Orc:1)
  A vampire mage (D:15)
  The ghost of hornqvist the Blocker, a powerful GrFi of Qazlal (IceCv)
  5 death yaks (Lair:8)
  3 orc high priests
  A deep troll shaman (Lair:8)
  Nergalle (D:15)
  5 skeletal warriors
  The ghost of Virusyak the Quickloader, an experienced KoHu of Gozag (Lair:1)
  2 unseen horrors (D:15)
  3 hill giants
  A necromancer (D:15)
  An ugly thing (D:12)
  A wolf spider zombie (D:14)
  2 orc sorcerers
  A deep elf conjurer (Orc:3)
  A griffon (D:13)
  2 wolf spiders
  3 black mambas
  2 manticores
  A fire giant skeleton (D:15)
  11 spiny frogs
  A siren (Lair:4)
  2 cyclopes
  A gargoyle (D:14)
  The ghost of Lokkij the Tainter, an experienced NaVM of Cheibriados (D:5)
  3 elephants (Lair:8)
  A smoke demon (Orc:4)
  2 fire drakes
  5 centaur skeletons
  8 komodo dragons
  2 efreet
  A tengu conjurer (D:14)
  9 trolls
  4 polar bears
  4 jumping spiders (Spider:1)
  3 ravens (D:14)
  A trapdoor spider zombie (D:13)
  A blue devil (Orc:2)
  A raiju (shapeshifter) (D:15)
  10 slime creatures
  A centaur simulacrum (D:14)
  2 two-headed ogres
  13 blink frogs
  A boulder beetle (Lair:8)
  3 trapdoor spiders
  3 tarantellas (Spider:1)
  4 basilisks
  6 wraiths
  A vampire (D:14)
  2 spriggans (Lair:1)
  A fire dragon skeleton (D:15)
  8 hippogriffs
  3 deep elf magi
  5 wyverns
  A redback (Spider:1)
  40 yaks
  8 vampire mosquitoes
  Eustachio (Orc:2)
  2 hungry ghosts
  9 deep elf fighters (Orc:3)
  13 wolves
  3 mottled dragons
  2 wargs
  13 water moccasins
  7 porcupines
  A black bear (shapeshifter) (D:13)
  37 orc warriors
  A wasp (Lair:6)
  A black bear (Lair:8)
  22 ice beasts
  3 spiders (Spider:1)
  A phantom (D:8)
  20 crocodiles
  An ogre (shapeshifter) (D:15)
  3 eyes of draining
  14 centaurs
  22 ogres
  3 big kobolds
  21 giant frogs
  2 wyvern zombies (D:13)
  2 scorpions
  19 killer bees
  7 wights
  A giant frog zombie (D:12)
  An electric eel (D:9)
  4 goliath beetles
  5 hounds
  4 jellies
  2 elf zombies
  3 crimson imps
  2 giant frog skeletons
  5 centaur zombies
  33 orc priests
  5 hell rats (Lair:5)
  13 iguanas
  48 orc wizards
  22 sheep
  14 worker ants
  2 mummies
  3 hound skeletons
  2 worker ant zombies
  Robin (D:2)
  2 orc zombies
  6 gnolls
  34 adders
  An orc skeleton (Orc:4)
  59 river rats
  4 giant mites
  4 worms
  10 shadow imps
  An adder zombie (D:7)
  10 giant geckos
  2 oozes
  229 orcs
  8 bats
  26 goblins
  18 hobgoblins
  36 kobolds
  18 quokkas
  3 ball pythons
  9 giant cockroaches
  A giant gecko zombie (D:5)
  13 giant newts
  4 jackals (D:1)
  A quokka skeleton (D:6)
  12 rats
  3 ballistomycetes (D:7)
1148 creatures vanquished.

Vanquished Creatures (others)
  A hydra (Lair:2)
  A deep elf fighter (Orc:3)
  A wight (D:10)
  2 orc wizards
  An orc (Orc:2)
  A giant cockroach (Lair:6)
  A giant spore (D:7)
  A quokka (Lair:2)
  A fungus (Lair:8)
  3 plants
13 creatures vanquished.

Grand Total: 1161 creatures vanquished

Notes
Turn   | Place    | Note
--------------------------------------------------------------
     0 | D:1      | MDvedh, the Minotaur Assassin, began the quest for the Orb.
     0 | D:1      | Reached XP level 1. HP: 18/18 MP: 1/1
   120 | D:1      | Reached skill level 1 in Armour
   223 | D:1      | Reached XP level 2. HP: 23/25 MP: 1/1
   779 | D:2      | Reached XP level 3. HP: 25/30 MP: 2/2
   907 | D:2      | Noticed Robin
   930 | D:2      | Killed Robin
   930 | D:2      | Reached skill level 1 in Maces & Flails
  1289 | D:2      | Reached XP level 4. HP: 18/37 MP: 2/2
  1520 | D:2      | Reached skill level 4 in Maces & Flails
  1676 | D:3      | Noticed a centaur
  1682 | D:3      | Killed a centaur
  1682 | D:3      | Reached skill level 5 in Maces & Flails
  1682 | D:3      | Reached XP level 5. HP: 42/42 MP: 2/2
  1750 | D:3      | Found a shimmering altar of Xom.
  1763 | D:3      | Found a sacrificial altar of Ru.
  1772 | D:3      | Found an iron altar of Okawaru.
  1780 | D:3      | Found a snail-covered altar of Cheibriados.
  2034 | D:3      | Became a worshipper of Ru the Awakened
  2192 | D:4      | Found a glowing drain.
  2196 | Sewer    | Entered a sewer
  2388 | Sewer    | Reached skill level 6 in Maces & Flails
  2469 | Sewer    | Reached XP level 6. HP: 50/50 MP: 3/3
  2531 | Sewer    | Reached skill level 7 in Maces & Flails
  2645 | D:4      | Noticed an ogre
  2650 | D:4      | Killed an ogre
  2889 | D:4      | Reached XP level 7. HP: 56/56 MP: 3/3
  2964 | D:4      | Found a white marble altar of Elyvilon.
  3032 | D:5      | Entered Level 5 of the Dungeon
  3050 | D:5      | Reached skill level 8 in Maces & Flails
  3078 | D:5      | Found a radiant altar of Vehumet.
  3115 | D:5      | Gained mutation: You are somewhat unskilled (-1 Apt). [Ru sacrifice]
  3115 | D:5      | Reduced skill Maces & Flails to level 7
  3115 | D:5      | Reduced skill Throwing to level 1
  3115 | D:5      | Acquired Ru's first power
  3265 | D:5      | Noticed Lokkij's ghost (experienced NaVM)
  3272 | D:5      | Killed Lokkij's ghost
  3272 | D:5      | Reached skill level 8 in Maces & Flails
  3562 | D:5      | Reached skill level 9 in Maces & Flails
  3807 | D:5      | Reached XP level 8. HP: 52/61 MP: 3/3
  4330 | D:6      | Found a staircase to the Ecumenical Temple.
  4389 | D:6      | Reached skill level 10 in Maces & Flails
  4448 | D:6      | Found a stormy altar of Qazlal.
  4531 | D:6      | Reached skill level 11 in Maces & Flails
  4632 | Temple   | Entered the Ecumenical Temple
  5513 | D:7      | Gained mutation: You are hated by all. [Ru sacrifice]
  5513 | D:7      | Acquired Ru's second power
  5752 | D:7      | Reached skill level 12 in Maces & Flails
  5752 | D:7      | Reached XP level 9. HP: 62/67 MP: 4/4
  5873 | D:7      | Found a blossoming altar of Fedhas.
  5892 | D:7      | Found Baschafap's Antique Weapon Shop.
  5922 | D:7      | Found Ewamn's Armour Shoppe.
  5934 | D:7      | Bought a +1 pair of gloves for 115 gold pieces
  6282 | D:7      | Found an ancient bone altar of Kikubaaqudgha.
  6665 | D:7      | Reached skill level 13 in Maces & Flails
  6773 | D:7      | Found Axzid's Food Emporium.
  6876 | D:7      | Found a glowing golden altar of the Shining One.
  7307 | D:8      | Found a sparkling altar of Nemelex Xobeh.
  7455 | D:8      | Found a burning altar of Makhleb.
  7488 | D:8      | Found a basalt altar of Yredelemnul.
  7515 | D:8      | Found a shadowy altar of Dithmenos.
  7535 | D:8      | Gained mutation: You cannot study or cast Fire magic. [Ru sacrifice]
  7535 | D:8      | Gained mutation: You cannot study or cast Hexes magic. [Ru sacrifice]
  7535 | D:8      | Gained mutation: You cannot study or cast Conjurations magic. [Ru sacrifice]
  7535 | D:8      | Acquired Ru's third power
  7666 | D:8      | Reached skill level 14 in Maces & Flails
  8182 | D:8      | Gained mutation: Armour fits poorly on your strangely shaped body. [potion of mutation]
  8182 | D:8      | Gained mutation: You are dopey. (Int -2) [potion of mutation]
  8182 | D:8      | Gained mutation: You have an increased reservoir of magic (+10% MP). [potion of mutation]
  8183 | D:8      | Gained mutation: You have difficulty communicating with the divine. [potion of mutation]
  8183 | D:8      | Gained mutation: You are frail (-10% HP). [potion of mutation]
  8183 | D:8      | Gained mutation: You tend to lose your temper in combat. [potion of mutation]
  8184 | D:8      | Gained mutation: You are clumsy. (Dex -2) [potion of mutation]
  8719 | D:9      | Reached XP level 10. HP: 31/69 MP: 4/4
 10056 | D:9      | Reached skill level 5 in Armour
 10239 | D:10     | Entered Level 10 of the Dungeon
 10494 | D:10     | Reached skill level 5 in Fighting
 10523 | D:10     | Gained mutation: You occasionally shout uncontrollably at your foes. [Ru sacrifice]
 10523 | D:10     | Acquired Ru's fourth power
 10534 | D:10     | Found a staircase to the Lair.
 10887 | D:10     | Got a shimmering plate armour
 10898 | D:10     | Identified the +5 plate armour of Spite {rPois rF- Dex+4} (You found it on level 10 of the Dungeon)
 11103 | Lair:1   | Entered Level 1 of the Lair of Beasts
 11484 | Lair:1   | Found a frozen archway.
 11504 | Lair:1   | Reached XP level 11. HP: 42/84 MP: 4/4
 11730 | IceCv    | Entered an ice cave
 11738 | IceCv    | Noticed hornqvist's ghost (powerful GrFi)
 11787 | IceCv    | Killed hornqvist's ghost
 12003 | IceCv    | Gained mutation: You cannot train Dodging skill. [Ru sacrifice]
 12003 | IceCv    | Acquired Ru's fifth power
 12037 | IceCv    | Noticed an ice statue
 12037 | IceCv    | Noticed an ice statue
 12037 | IceCv    | Noticed an ice statue
 12294 | Lair:1   | Gained mutation: Space occasionally distorts in your vicinity. [potion of mutation]
 12294 | Lair:1   | Lost mutation: You are dopey. (Int -2) [potion of mutation]
 12294 | Lair:1   | Lost mutation: You have an increased reservoir of magic (+10% MP). [potion of mutation]
 12513 | Lair:1   | Noticed Virusyak's ghost (experienced KoHu)
 12527 | Lair:1   | Killed Virusyak's ghost
 12953 | Lair:2   | You fall through a shaft for 2 floors!
 12977 | Lair:4   | Gained mutation: You have somewhat slow reflexes. (-3 EV) [Ru sacrifice]
 12995 | Lair:4   | Reached skill level 10 in Armour
 13013 | Lair:4   | Reached skill level 10 in Fighting
 13762 | Lair:4   | Upgraded the game from 0.16.0 to 0.16.0-6-gad6103a
 13943 | Lair:4   | Reached XP level 12. HP: 83/99 MP: 5/5
 14076 | Lair:4   | Gained mutation: You cannot be stealthy. [Ru sacrifice]
 14210 | Lair:4   | Found a staircase to the Shoals.
 15539 | Lair:6   | Found a staircase to the Slime Pits.
 15612 | Lair:6   | Found a dark tunnel.
 15724 | Lair:6   | Found a hole to the Spider Nest.
 17022 | Lair:8   | Entered Level 8 of the Lair of Beasts
 17224 | Lair:8   | Noticed a catoblepas
 17243 | Lair:8   | Killed a catoblepas
 17243 | Lair:8   | Reached XP level 13. HP: 92/109 MP: 5/5
 17680 | Lair:8   | Noticed a catoblepas
 17688 | Lair:8   | Killed a catoblepas
 17708 | Lair:8   | Noticed a four-headed hydra
 17718 | Lair:8   | Killed a four-headed hydra
 18238 | Lair:7   | Noticed a six-headed hydra
 18246 | Lair:7   | Killed a six-headed hydra
 18429 | Lair:3   | Noticed Erica
 18436 | Lair:3   | Killed Erica
 19248 | Lair:2   | Noticed a five-headed hydra
 19251 | Lair:2   | Killed a five-headed hydra
 19864 | D:3      | Fell from the grace of Ru
 19864 | D:3      | Became a worshipper of Warmaster Okawaru
 20221 | D:11     | Reached skill level 15 in Armour
 20283 | D:11     | Found a staircase to the Orcish Mines.
 20682 | D:11     | Acquired Okawaru's first power
 20857 | Orc:1    | Entered Level 1 of the Orcish Mines
 20873 | Orc:1    | Noticed ThorGoll's ghost (powerful TeAE)
 20886 | Orc:1    | Killed ThorGoll's ghost
 21544 | Orc:3    | Reached skill level 15 in Fighting
 21858 | Orc:3    | Found a glowing golden altar of the Shining One.
 21923 | Orc:3    | Reached XP level 14. HP: 103/121 MP: 5/5
 22519 | Orc:2    | Noticed Eustachio
 22525 | Orc:2    | Killed Eustachio
 22585 | Orc:2    | Noticed Harold
 22596 | Orc:2    | Killed Harold
 23102 | Orc:4    | Entered Level 4 of the Orcish Mines
 23123 | Orc:4    | Found a roughly hewn altar of Beogh.
 23269 | Orc:4    | Found a roughly hewn altar of Beogh.
 23284 | Orc:4    | Found Xodaimul's General Store.
 23366 | Orc:4    | Found a roughly hewn altar of Beogh.
 23366 | Orc:4    | Found Cawusun's Book Emporium.
 23583 | Orc:4    | Noticed Saint Roka
 23798 | Orc:4    | Found a staircase to the Elven Halls.
 23865 | Orc:4    | Killed Saint Roka
 23885 | Orc:4    | Found a roughly hewn altar of Beogh.
 23890 | Orc:4    | Found Nacuc's Antique Weapon Boutique.
 23897 | Orc:4    | Reached skill level 15 in Maces & Flails
 23898 | Orc:4    | Found Khubleij's Antique Armour Shop.
 24052 | Orc:4    | Found a roughly hewn altar of Beogh.
 24080 | Orc:4    | Found a roughly hewn altar of Beogh.
 24187 | Orc:4    | Found a roughly hewn altar of Beogh.
 24668 | D:12     | Reached skill level 16 in Armour
 27357 | D:13     | Found a gate to the Vaults.
 27718 | D:14     | Reached XP level 15. HP: 128/130 MP: 6/6
 27899 | D:14     | Noticed Josephine
 27918 | D:14     | Killed Josephine
 28306 | D:14     | Noticed Fannar
 28328 | D:14     | Killed Fannar
 28328 | D:14     | Acquired Okawaru's second power
 28486 | D:14     | Noticed Snorg
 28498 | D:14     | Killed Snorg
 29159 | D:15     | Entered Level 15 of the Dungeon
 29271 | D:15     | Gained mutation: Scrolls take you a little longer to read. [mutagenic meat]
 29318 | D:15     | Found Oddy's Book Shop.
 29330 | D:15     | Found a staircase to the Depths.
 29332 | D:15     | Reached skill level 17 in Armour
 30435 | D:15     | Noticed Nergalle
 30441 | D:15     | Killed Nergalle
 31687 | Spider:1 | Entered Level 1 of the Spider Nest
 31893 | Spider:1 | Reached skill level 1 in Invocations
 31926 | Spider:1 | Received a gift from Okawaru
 31937 | Spider:1 | Got a shimmering hat {god gift}
 31943 | Spider:1 | Identified the +1 hat "Psaiheon" {Dex+2} (Okawaru gifted it to you on level 1 of the Spider Nest)
 32054 | Spider:1 | HP: 4/132 [disintegration (39)]
 32060 | Spider:1 | Blown up by an orb spider

Action                   |  1- 3 |  4- 6 |  7- 9 | 10-12 | 13-15 || total
-------------------------+-------+-------+-------+-------+-------++-------
Melee: Dagger            |    52 |       |       |       |       ||    52
       Morningstar       |    25 |   118 |   129 |       |       ||   272
       Dire flail        |       |       |   250 |   854 |  1421 ||  2525
Invok: Sacrifice Skill   |       |       |     1 |       |       ||     1
       Sacrifice Love    |       |       |     1 |       |       ||     1
       Draw Out Power    |       |       |     1 |     1 |       ||     2
       Sacrifice Arcana  |       |       |     1 |       |       ||     1
       Sacrifice Purity  |       |       |       |     1 |       ||     1
       Sacrifice Health  |       |       |       |     1 |       ||     1
       Sacrifice Nimblen |       |       |       |     1 |       ||     1
       Sacrifice Stealth |       |       |       |     1 |       ||     1
       Power Leap        |       |       |       |       |     2 ||     2
       Heroism           |       |       |       |       |     2 ||     2
Evoke: Wand              |       |       |       |       |     1 ||     1
  Use: Scroll            |       |       |    19 |     5 |    12 ||    36
       Potion            |       |       |     3 |    10 |    13 ||    26
 Stab: Sleeping          |     3 |     1 |       |       |       ||     4
       Distracted        |       |       |     1 |     1 |     1 ||     3
       Invisible         |       |       |       |     5 |     1 ||     6
       Paralysed         |       |       |       |     2 |     2 ||     4
  Eat: Chunk             |       |     5 |    18 |    40 |    35 ||    98
       Fruit             |       |     2 |     1 |       |       ||     3
       Meat ration       |       |       |       |       |     2 ||     2
       Royal jelly       |       |       |       |       |     1 ||     1
